 Dungeon Crawl Stone Soup version 0.31-a0-1300-gb6740aa4e6 (webtiles) character file.

Game seed: 15122965027798913090

532 timneilson the Ruffian (level 7, -4/46 HPs)
             Began as an Octopode Shapeshifter on Dec 18, 2023.
             Was an Initiate of Gozag.
             Slain by a gnoll
             ... wielding a +0 war axe
              (8 damage)
             ... on level 5 of the Dungeon.
             The game lasted 00:08:05 (3068 turns).

timneilson the Ruffian (Octopode Shapeshifter)      Turns: 3068, Time: 00:08:06

Health: -4/46      AC:  1    Str: 16    XL:     7   Next: 24%
Magic:  0/7        EV: 14    Int: 12    God:    Gozag
Gold:   380        SH:  0    Dex: 11    Spells: 6/6 levels left

rFire   . .          .
                       - Unarmed
rCold   . . .        (no shield)
rNeg    . . .        (helmet currently unavailable)
rPois   .            d - amulet of guardian spirit
rElec   .            (no ring)
rCorr   .            (no ring)
SInv    .            (no ring)
Will    .....        (no ring)
Stlth   +++          (no ring)
HPRegen 0.27/turn    (no ring)
MPRegen 0.10/turn    (no ring)
                     (no ring)

%: guardian spirit
@: beast-form, gold aura
A: beast (slay +2), almost no armour, amphibious, 8 rings, camouflage 1,
gelatinous body 1, (nimble swimmer 1), tentacles
a: Begin Untransformation, Renounce Religion, Potion Petition, Call Merchant,
Bribe Branch


You were on level 5 of the Dungeon.
You worshipped Gozag.
Gozag was aware of your devotion.
You were a hulking beast.
You visited 2 branches of the dungeon, and saw 6 of its levels.

You collected 439 gold pieces.
You paid 59 gold pieces to Gozag.

Inventory:

Jewellery
 d - an amulet of guardian spirit (around mantle)
Talismans
 b - a beast talisman
 c - a flux talisman
Scrolls
 g - a scroll of torment
 h - a scroll of enchant armour
 i - a scroll of fog
Potions
 a - 2 potions of lignification
 e - a potion of curing
 f - a potion of heal wounds
 j - 2 potions of mutation


   Skills:
 * Level 3.4 Fighting
 * Level 3.9 Dodging
 + Level 3.2 Stealth
 * Level 4.6 Unarmed Combat
 * Level 4.3 Shapeshifting


You had 6 spell levels left.
You didn't know any spells.
Your spell library contained the following spells:

 Spells                   Type           Power      Damage    Failure   Level
 Necrotise                Necr           0%         1d4       32%         1
 Sting                    Tmut/Pois      0%         1d3       32%         1
 Summon Small Mammal      Summ           0%         N/A       32%         1
 Poisonous Vapours        Pois/Air       0%         N/A       45%         2
 Call Canine Familiar     Summ           0%         N/A       69%         3
 Summon Guardian Golem    Hex/Summ       0%         N/A       69%         3
 Vampiric Draining        Necr           0%         2d6       69%         3
 Olgreb's Toxic Radiance  Pois           0%         N/A       97%         4
 Vhi's Electric Charge    Tloc/Air       0%         N/A       97%         4
 Agony                    Necr           0%         N/A       100%        5
 Arcjolt                  Conj/Air       0%         1d10      100%        5
 Plasma Beam              Fire/Air       0%         2x1d10    100%        6


Dungeon Overview and Level Annotations

Branches:
Dungeon (5/15)             Temple (1/1) D:4

Altars:
Ashenzari
Cheibriados
Dithmenos
Elyvilon
Fedhas
Gozag
Makhleb
Nemelex Xobeh
Okawaru
Qazlal
Ru
Sif Muna
Trog
Uskayaw
Vehumet
Wu Jian
Xom
Yredelemnul
The Shining One

Shops:
D:4 ?


Innate Abilities, Weirdness & Mutations

You are a hulking beast.
Your limbs bulge with bestial killing power. (Slay +2)
You cannot wear most types of armour.
You are amphibious.
You can wear up to eight rings at the same time.
Your skin changes colour to match your surroundings (Stealth+).
Your rubbery body absorbs attacks. (AC +1, EV +1)
((You are camouflaged when in or above water. (Stealth+)))
You have tentacles for arms and can constrict up to eight enemies at once.


Message History

You hear the slow hiss of an avalanche of sand nearby.
You now have 375 gold pieces (gained 14).
Items here: )) [[.
You now have 380 gold pieces (gained 5).
Items here: )) [[.
Found 7 stones.
You see here 7 stones.
You open the door.
Found a stone staircase leading up.
There is an open door here. 2 gnolls come into view.
A gnoll opens the door.
An orc comes into view. It is wielding a +0 heavy hand axe.
The gnoll shouts!
A scorpion comes into view.
A gnoll comes into view. It is wielding a +0 whip.
A gnoll comes into view. It is wielding a +0 spear.
The orc shouts!
The gnoll shouts! x2
You tentacle-slap the gnoll. You grab the gnoll. You squeeze the gnoll!
The gnoll is almost dead.
You constrict the gnoll.
You kill the gnoll!
You tentacle-slap the gnoll. You grab the gnoll. You squeeze the gnoll!
You kill the gnoll!
The gnoll hits you from afar with a +0 spear.
You barely miss the orc. Your grab misses the orc. You squeeze the orc!
You kill the orc!
The gnoll closely misses you.
You barely miss the gnoll. You grab the gnoll.
You hear the hiss of a distant avalanche of sand.
You constrict the gnoll, but do no damage.
The gnoll hits you with a +0 war axe!
* * * LOW HITPOINT WARNING * * *
The gnoll hits you from afar with a +0 spear!
* * * LOW HITPOINT WARNING * * *
You bludgeon the gnoll!
The gnoll is heavily wounded.
You constrict the gnoll. The gnoll hits you with a +0 war axe!
You die...
Your body crumbles into a pile of gold.

#.(..#..#............#
#....#..#............#
#....#..#............#
#....#..#............###
####....#..####+###........
.........#...# #........
.........'..<# #.......>
..........#...# #........
..........##h## #....[###
......######g########.....+
...... #.g.......#.....#
..... #.........#.....###
.. #.........######...
#.........+ #...
###..##...# #...
#..##...###+##... '...#
..#..).....


You could see 2 gnolls.

Vanquished Creatures
  A bullfrog (D:4)
  2 hounds
  2 orc priests (D:4)
  A jelly (D:4)
  2 iguanas
  2 orc wizards
  2 gnolls (D:5)
  9 adders
  2 worms (D:2)
  A dart slug (D:1)
  16 orcs
  4 ball pythons
  9 bats
  7 endoplasms
  A giant cockroach (D:2)
  12 goblins
  6 hobgoblins
  3 jackals (D:4)
  4 quokkas
  5 frilled lizards
  6 kobolds
  7 rats
104 creatures vanquished.

Notes
Turn   | Place    | Note
-------+----------+-------------------------------------------
     0 | D:1      | timneilson the Octopode Shapeshifter began the quest for
                  | the Orb.
     0 | D:1      | Reached XP level 1. HP: 13/13 MP: 1/1
   194 | D:1      | Reached XP level 2. HP: 18/18 MP: 2/2
   371 | D:1      | Reached skill level 1 in Stealth
   417 | D:1      | Reached XP level 3. HP: 23/23 MP: 3/3
   564 | D:1      | You fall into a shaft and drop 1 floor!
   579 | D:2      | Identified the +2 spear of Cobwebs {flame, Will+ Str+2
                  | Stlth+}
   977 | D:2      | Reached XP level 4. HP: 29/29 MP: 4/4
  1943 | D:3      | Reached XP level 5. HP: 34/34 MP: 5/5
  2121 | D:4      | Found a staircase to the Ecumenical Temple.
  2139 | Temple   | Entered the Ecumenical Temple
  2144 | Temple   | Became a worshipper of Gozag Ym Sagoz the Greedy
  2243 | D:4      | Found an iron altar of Okawaru.
  2431 | D:4      | Reached XP level 6. HP: 20/41 MP: 4/6
  2536 | D:4      | Found The Oracle's Delphic Readings.
  2912 | D:5      | Entered Level 5 of the Dungeon
  2938 | D:5      | Reached XP level 7. HP: 24/46 MP: 7/7
  3068 | D:5      | Slain by a gnoll

Illustrated notes

Levels and vault maps discovered:
D:1:      heliophobic_arrival_dark_side_of_the_moon, layout_basic
D:2:      layout_basic, kennysheep_potato
D:3:      layout_basic
D:4:      layout_basic, mainiacjoe_overflow_alcove_1,
          minmay_temple_entry_slanted, nicolae_nh_oracle_at_delphi
D:5:      layout_gridville, nicolae_ossuary_entry_monument
Temple:   dpeg_three_leaves_temple

Skill      XL: |  1  2  3  4  5  6 |
---------------+-------------------+-----
Stealth        | 1 2 3 |  3.2
Fighting       | 2 3 |  3.4
Dodging        | 3 |  3.9
Unarmed Combat | 4 |  4.6
Shapeshifting  | 4 |  4.3

Action                     |  1- 3 |  4- 6 |  7- 9 || total
---------------------------+-------+-------+-------++-------
  Melee: Unarmed           |    58 |   109 |    30 ||   197
         Tentacles         |    13 |    21 |     5 ||    39
         Constrict         |    15 |    31 |     8 ||    54
         Punch             |       |     5 |       ||     5
    Use: Scroll            |     3 |     6 |       ||     9
   Stab: Sleeping          |     3 |    12 |       ||    15
 Armour: Skin              |    22 |    39 |    16 ||    77
  Dodge: Dodged            |    36 |    59 |    17 ||   112

Table legend: (Time is in decaauts)
 A = Elapsed time spent in this place.
 B = Non-inter-level travel time spent in this place.
 C = Inter-level travel time spent in this place.
 D = Time resting spent in this place.
 E = Time spent auto-exploring this place.
 F = Levels seen in this place.
 G = Mean time per level.
                   A        B        C        D        E       F      G
               +--------+--------+--------+--------+--------+-----+--------+
         Total |   3055 |   3041 |     14 |      0 |   2113 |   6 |  509.2 |
       Dungeon |   3044 |   3030 |     14 |      0 |   2113 |   5 |  608.8 |
        Temple |     10 |     10 |      0 |      0 |      0 |   1 |   10.0 |
               +--------+--------+--------+--------+--------+-----+--------+

Top non-repeatable levels by time:
     D:4: 849 daAuts
     D:2: 761 daAuts
     D:3: 714 daAuts
     D:1: 583 daAuts
     D:5: 136 daAuts
  Temple: 10 daAuts
